 Dungeon Crawl Stone Soup version 0.30.0-5-g1a98f26d00 (webtiles) character file.

Game seed: 16519988792646239806

113 trckry the Grave Robber (level 4, -4/33 HPs)
             Began as a Demonspawn Wanderer on May 13, 2023.
             Was an Initiate of Yredelemnul.
             Slain by a gnoll
             ... wielding a +0 halberd
              (8 damage)
             ... on level 4 of the Dungeon.
             The game lasted 00:06:53 (2133 turns).

trckry the Grave Robber (Demonspawn Wanderer)       Turns: 2133, Time: 00:06:54

Health: -4/33      AC:  2    Str: 10    XL:     4   Next: 65%
Magic:  7/7        EV: 11    Int: 18    God:    Yredelemnul [......]
Gold:   179        SH:  4    Dex: 12    Spells: 6/7 levels left

rFire   . . .        a - +1 mace
rCold   . . .        (no shield)
rNeg    . . .        c - +0 robe
rPois   .            (helmet restricted)
rElec   .            (no cloak)
rCorr   .            (no gloves)
SInv    .            (no boots)
Will    .....        (no amulet)
Stlth   +            (no ring)
HPRegen 0.25/turn    (no ring)
MPRegen 0.10/turn

%: no passive effects
@: no status effects
A: horns 2, condensation shield
a: Renounce Religion, Recall Undead Harvest


You were on level 4 of the Dungeon.
You worshipped Yredelemnul.
Yredelemnul was noncommittal.
You visited 1 branch of the dungeon, and saw 4 of its levels.

You collected 179 gold pieces.

Inventory:

Hand Weapons
 a - a +1 mace (weapon)
 i - the +7 spear of Desperation {drain, +Blink rPois Will+++ Str-5}
   (You found it on level 2 of the Dungeon)

   Str:       It affects your strength (-5).
   rPois:     It protects you from poison.
   +Blink:    It lets you blink.
   Will:      It greatly increases your willpower.
Missiles
 d - 10 poisoned darts
Armour
 c - a +0 robe (worn)
Scrolls
 e - 2 scrolls of fog {unknown}
 f - a scroll of blinking {unknown}
 g - 2 scrolls of enchant armour {unknown}
 h - 2 scrolls of vulnerability {unknown}
 l - a scroll of torment {unknown}
 m - a scroll of magic mapping {unknown}
 n - a scroll of immolation {unknown}
 o - a scroll of identify {unknown}
Potions
 b - 2 potions of berserk rage
 j - a potion of degeneration {unknown}
 k - a potion of lignification {unknown}


   Skills:
 - Level 2.1 Fighting
 * Level 2.8 Maces & Flails
 + Level 1.2 Armour
 + Level 1.1 Dodging
 - Level 2.0 Spellcasting
 - Level 4.1 Necromancy
 * Level 1.0 Invocations


You had 6 spell levels left.
You knew the following spells:

 Your Spells              Type           Power      Damage    Failure   Level
a - Necrotise             Necr           64%        1d7       3%          1

Your spell library contained the following spells:

 Spells                   Type           Power      Damage    Failure   Level
 Dispel Undead            Necr           16%        3d10      32%         4
 Volatile Blastmotes      Fire/Tloc      2%         2d10      47%         3
 Anguish                  Hex/Necr       4%         N/A       58%         4
 Fulminant Prism          Conj/Hex       0%         3d5       87%         4
 Iskenderun's Mystic Bla  Conj/Tloc      1%         2d3       87%         4
 Lee's Rapid Deconstruct  Erth           0%         3d4*      99%         5


Dungeon Overview and Level Annotations

Branches:
Dungeon (4/15) Zot: 21839
 Temple: D:4-7

Altars:
Ashenzari
Kikubaaqudgha
Wu Jian
Yredelemnul

Annotations:
D:3 1 runed translucent door, Demosthentine's ghost, amateur DsGl


Innate Abilities, Weirdness & Mutations

You have a pair of horns on your head.
A meltable shield of frost defends you. (SH +4)


Message History

Demosthentine's ghost whispers, "Trust me.
Just give in."
Demosthentine's ghost whispers, "Trust me.
Just give in."
Could not explore, unopened runed door.
Could not explore, unopened runed door.
Could not explore, unopened runed door.
Press: ? - help, v - describe, . - travel
Here: Demosthentine's ghost, wielding a weapon of freezing (fire blocked by a runed translucent door)
The floor.
Could not explore, unopened runed door.
Demosthentine's ghost shrieks, "You will never get the ORB!"
There is a stone staircase leading down here.
You climb downwards.
Your mindless puppet stays behind to rot.
The kobold shouts!
The gnoll shouts! x3
There is a stone staircase leading up here.
The kobold barely misses you.
You hit the kobold.
You kill the kobold!
You hit the gnoll. Your headbutt misses the gnoll.
The gnoll is moderately wounded.
The gnoll hits you from afar with a +0 spear.
The gnoll hits you with a +0 whip.
You take 9 damage, and have 24/33 hp.
MASSIVE DAMAGE!!
You hit the gnoll. Your headbutt misses the gnoll.
The gnoll is severely wounded.
The gnoll hits you from afar with a +0 spear!
The gnoll hits you with a +0 whip!
* * * LOW HITPOINT WARNING * * *
You block the gnoll's attack.
You take 17 damage, and have 7/33 hp.
MASSIVE DAMAGE!!
You are too injured to fight recklessly!
You are too injured to fight recklessly!
You hit the gnoll. Your headbutt misses the gnoll.
The gnoll is severely wounded.
The gnoll hits you from afar with a +0 spear.
* * * LOW HITPOINT WARNING * * *
The gnoll hits you but does no damage.
The gnoll hits you from afar with a +0 halberd!
You die...
Your body rises from the dead as a mindless zombie.

#####+##
#......#
......##
#....##
+)@<..#
#.g..##
#g.g.#
#....#
#....#
#.....
#######


You could see 3 gnolls.

Vanquished Creatures
  An adder (D:3)
  3 worms
  3 dart slugs
  An orc (D:3)
  3 ball pythons
  2 endoplasms
  3 goblins
  4 hobgoblins
  3 jackals (D:2)
  3 quokkas
  5 bats (D:1)
  2 frilled lizards
  3 kobolds
  6 rats
42 creatures vanquished.

Vanquished Creatures (collateral kills)
  Jessica (D:3)
  An adder (D:2)
  An endoplasm (D:2)
  A giant cockroach (D:1)
  A hobgoblin (D:1)
  A jackal (D:2)
  A quokka (D:2)
  A frilled lizard (D:3)
  A kobold (D:1)
  A rat (D:2)
10 creatures vanquished.

Vanquished Creatures (others)
  An adder zombie (D:1)
  A bat zombie (D:1)
  A frilled lizard zombie (D:2)
3 creatures vanquished.

Grand Total: 55 creatures vanquished

Notes
Turn   | Place    | Note
-------+----------+-------------------------------------------
     0 | D:1      | trckry the Demonspawn Wanderer began the quest for the Orb.
     0 | D:1      | trckry set off with the following items: a +1 mace, a
                  | potion of berserk rage, a +0 robe; and the following spell
                  | memorised: Necrotise; and the following spells available to
                  | memorise: Dispel Undead, Anguish.
     0 | D:1      | Reached XP level 1. HP: 16/16 MP: 3/3
   405 | D:1      | Gained mutation: You have a pair of small horns on your
                  | head. [demonic ancestry]
   405 | D:1      | Reached XP level 2. HP: 22/22 MP: 3/5
   436 | D:1      | Found a faded altar of an unknown god.
   453 | D:1      | Prayed at the altar of an unknown god.
   453 | D:1      | Became a worshipper of Yredelemnul the Dark
   453 | D:1      | Reached * piety under Yredelemnul
   998 | D:2      | Reached skill level 3 in Necromancy
  1050 | D:2      | Identified the +7 spear of Desperation {drain, +Blink rPois
                  | Will+++ Str-5}
  1088 | D:2      | Gained mutation: A meltable shield of frost defends you.
                  | (SH +4) [demonic ancestry]
  1088 | D:2      | Reached XP level 3. HP: 9/27 MP: 6/6
  1233 | D:2      | Reached ** piety under Yredelemnul
  1517 | D:3      | Noticed Jessica
  1525 | D:3      | Killed Jessica
  1526 | D:3      | Reached skill level 4 in Necromancy
  1526 | D:3      | Gained mutation: You have a pair of horns on your head.
                  | [demonic ancestry]
  1526 | D:3      | Reached XP level 4. HP: 33/33 MP: 7/7
  1773 | D:3      | Noticed Demosthentine's ghost (amateur DsGl)
  1777 | D:3      | Found a runed translucent door.
  1941 | D:3      | Found an ornate altar of the Wu Jian Council.
  1944 | D:3      | Found an ancient bone altar of Kikubaaqudgha.
  1949 | D:3      | Found a broken altar of Ashenzari.
  2019 | D:3      | Reached skill level 1 in Invocations
  2133 | D:4      | HP: 4/33 [gnoll/+0 spear (3)]
  2133 | D:4      | Slain by a gnoll

Illustrated notes

Levels and vault maps discovered:
D:1:      sevenhm_arrival_forest_fort_small_3, layout_rooms,
          chequers_ecumenical_altar_island
D:2:      layout_rooms
D:3:      layout_rooms, grunt_temple_overflow_open,
          hellmonk_ghost_happy_afterlife, grunt_ministairs_15,
          lightli_corner_chamber, uniq_jessica
D:4:      layout_basic, mainiacjoe_overflow_tiny_flanked,
          nicolae_dithmenos_shadow_blocks, dilly_guarded_unrand_throatcut

Skill      XL: |  1  2  3  4 |
---------------+-------------+-----
Maces & Flails | 2 |  2.8
Necromancy     | 3 4 |  4.1
Invocations    | 1 |  1.0
Fighting       | |  2.1
Armour         | |  1.2
Dodging        | |  1.1
Spellcasting   | |  2.0

Action                     |  1- 3 |  4- 6 || total
---------------------------+-------+-------++-------
  Melee: Mace              |    42 |    28 ||    70
         Headbutt          |     8 |     4 ||    12
         Punch             |     2 |       ||     2
   Cast: Necrotise         |    36 |       ||    36
    Use: Potion            |     1 |       ||     1
 Armour: Robe              |    10 |     2 ||    12
  Dodge: Dodged            |    27 |    11 ||    38
  Block: Other             |     7 |     6 ||    13
